[Event "Early-Titled-Tuesday-Blitz-October-03-2023"]
[Site "Chess.com"]
[Date "2023.10.03"]
[Round "1"]
[White "DoctorCheckyll"]
[Black "VSERGUEI"]
[Result "0-1"]
[WhiteElo "2376"]
[BlackElo "2743"]
[TimeControl "180+1"]
[EndTime "8:06:42 PDT"]
[Termination "VSERGUEI won by checkmate"]

1. e4 e6 2. Qe2 Nf6 3. g3 d5 4.
e5 Nfd7 5. Bg2 c5 6. f4 Nc6 7. Nf3 Rb8 8. O-O b5 9. d3 a5 10. c4 bxc4 11. dxc4 Ba6 12. b3 Nb6 13. Nbd2 Be7 14.
f5 exf5 15. e6 O-O 16. exf7+ Rxf7 17. Ne5 Nxe5 18. Qxe5 Bf6 19. Qe6 Bc8 20. Qc6 Bxa1 21. cxd5 Bd4+ 22. Kh1 Ba6 23. Nc4 Nxc4 24. bxc4 Bxc4 25.
Re1 Bb5 26. Qe6 Bd7 27. Qd6 Rb6 28. Qf4 h6 29. d6 Kh8 30. Bd5 Rf8 31. Qf3 Rxd6 32.
Bf4 Rdf6 33. h4 Re8 34. Rd1 Be6 35. Bc6 Bxa2 36. Bxe8 Bd5 37. Bc6 Bxf3+ 38. Bxf3 a4 39. Re1 a3 40. Bh5 a2 41. Bg5 a1=Q 42. Rxa1 Bxa1 43.
Bxf6 Bxf6 44. Kg2 c4 45. Be2 c3 46. Bd3 Qxd3 47. Kh3 c2 48. h5 c1=Q 49. Kh2 Qe2+ 50. Kh3 Qh1# 0-1

[Event "Early-Titled-Tuesday-Blitz-October-03-2023"]
[Site "Chess.com"]
[Date "2023.10.03"]
[Round "1"]
[White "JosefineHeinemann"]
[Black "dadice10"]
[Result "0-1"]
[WhiteElo "2533"]
[BlackElo "2169"]
[TimeControl "180+1"]
[EndTime "8:06:43 PDT"]
[Termination "dadice10 won by resignation"]

1. Nf3 c5 2. e4 e6 3. g3 Nc6 4. Bg2 Nf6 5. d3 Be7 6. O-O O-O 7. Re1 d5 8. Nbd2 dxe4 9. Nxe4 Nxe4 10. Rxe4 b6 11. Bf4 Bb7 12. Re1 Bf6 13. c3 Rc8 14. Qe2 Qd7 15. Rad1 Rfd8 16. h4 h6 17. Be3 Ne7 18.
d4 c4 19. Bf4 b5 20. Be5 Nd5 21. Qc2 b4 22. Bxf6 Nxf6 23. cxb4 Qb5 24. a3 a5 25. bxa5 Qxa5 26. Re5 Qa7 27. Rc1 Bxf3 28. Bxf3 Rxd4 29. Re3 Rcd8 30. Kg2 Rd2 31. Qc3 R8d3 32. Qb4 Qxe3 0-1

[Event "Early-Titled-Tuesday-Blitz-October-03-2023"]
[Site "Chess.com"]
[Date "2023.10.03"]
[Round "1"]
[White "Krakozia"]
[Black "Mazarini41"]
[Result "1-0"]
[WhiteElo "3024"]
[BlackElo "2507"]
[TimeControl "180+1"]
[EndTime "8:06:45 PDT"]
[Termination "Krakozia won by resignation"]

1. Nf3 Nf6 2. g3 d5 3. Bg2 e6 4. O-O Be7 5. c4 d4 6. d3 O-O 7. e3 c5 8. exd4 cxd4 9. Ne5 Qc7 10. f4 Nc6 11. Qe2 Bd6 12. Nxc6 bxc6 13. Nd2 Rb8 14. Nf3 c5 15. Ne5 Bb7 16. Bxb7 Qxb7 17. b3 a5 18. Bd2 Qa6 19. Ng4 Nxg4 20. Qxg4 g6 21. f5 exf5 22. Rxf5 Qc8 23. Raf1 Kh8 24. Bh6 Rg8 25.
Qg5 Qe6 26. Qf6+ Qxf6 27. Rxf6 Bf8 28. Bf4 Rb7 29. Ra6 Bg7 30. Rxa5 Rc8 31. Bd6 Kg8 32. Bxc5 Re8 33. b4 h5 34. a4 Re3 35. Rd1 Rb8 36. b5 Rbe8 37. b6 Re2 38. b7 1-0

[Event "Early-Titled-Tuesday-Blitz-October-03-2023"]
[Site "Chess.com"]
[Date "2023.10.03"]
[Round "1"]
[White "TERMINATOR_PC"]
[Black "AsselLesbekova"]
[Result "1-0"]
[WhiteElo "2609"]
[BlackElo "2274"]
[TimeControl "180+1"]
[EndTime "8:06:46 PDT"]
[Termination "TERMINATOR_PC won by resignation"]

1. e4 e5 2. Nf3 Nf6 3. Nxe5 Nxe4 4. Qe2 Qe7 5. Qxe4 d6 6. d4 dxe5 7. dxe5 Nc6 8. Bf4 g5 9. Bg3 f5 10.
Qa4 f4 11. Bb5 Bd7 12. O-O fxg3 13. e6 Qxe6 14. Nc3 gxf2+ 15. Rxf2 O-O-O 16. Re2 Bc5+ 17. Kh1 Qg6 18. Re4 Rhe8 19. Rc4 Bb6 20. Nd5 Qe6 21. Nxb6+ cxb6 22. Rg1 Kb8 23. Rc3 Qe4 24. Rc4 Qd5 25.
Rc3 Nd4 26. Bxd7 Rxd7 27. Rd3 b5 28. Qb4 Qc4 29. Qd2 Rdd8 30. Qxg5 Ne6 31. Qe5+ Nc7 32. Rxd8+ Rxd8 33. c3 Qd5 34. Qg7 a6 35. Qxh7 Qd2 36. Qb1 Qd3 37. Qe1 Ne6 38. Qxe6 Qd6 39. Qxd6+ Rxd6 40.
g4 Kc7 41. g5 Kd8 42. g6 1-0

[Event "Early-Titled-Tuesday-Blitz-October-03-2023"]
[Site "Chess.com"]
[Date "2023.10.03"]
[Round "1"]
[White "Sergey85Rodchenkov"]
[Black "Boxerandchessplayer"]
[Result "0-1"]
[WhiteElo "2526"]
[BlackElo "2164"]
[TimeControl "180+1"]
[EndTime "8:06:46 PDT"]
[Termination "Boxerandchessplayer won by resignation"]

1. e4 e6 2. d4 d5 3. Nc3 dxe4 4.
Nxe4 Nd7 5. Nf3 Ngf6 6. Bd3 Be7 7. O-O O-O 8. Nxf6+ Nxf6 9. Ne5 c5 10. c3 cxd4 11.
cxd4 Qb6 12. b3 Rd8 13. Be3 Nd5 14. Bxh7+ Kxh7 15. Qh5+ Kg8 16. Qxf7+ Kh7 17. Qh5+ Kg8 18. Ng6 Bf6 19. Rae1 Ne7 20. Ne5 Bxe5 21. dxe5 Qc6 22. Bg5 Qe8 23. Qh4 Rd7 24. Re4 Nf5 25. Qg4 b6 26.
Rf4 Rd5 27. Qh3 Qg6 28. g4 Qxg5 29. Rxf5 exf5 30. f3 fxg4 31. Kh1 0-1

[Event "Early-Titled-Tuesday-Blitz-October-03-2023"]
[Site "Chess.com"]
[Date "2023.10.03"]
[Round "1"]
[White "LoydBlankenship"]
[Black "Der_Balak_3Halak"]
[Result "1-0"]
[WhiteElo "2650"]
[BlackElo "2350"]
[TimeControl "180+1"]
[EndTime "8:06:47 PDT"]
[Termination "LoydBlankenship won by resignation"]

1. e4 e6 2. d4 d5 3. Nc3 Nf6 4. e5 Nfd7 5. f4 c5 6. Nf3 Nc6 7. Be3 cxd4 8. Nxd4 Bc5 9. Qd2 a6 10. O-O-O Qe7 11. Be2 Nxd4 12. Bxd4 b5 13. Bf3 Bb7 14. Ne2 Rc8 15. Kb1 O-O 16. g4 Bxd4 17. Nxd4 Nb6 18. Rhe1 Nc4 19. Qd3 Qb4 20. Nb3 a5 21. a3 Qe7 22. Nd4 b4 23. a4 Ba6 24.
Qb3 Nb6 25. Qa2 Qc5 26. b3 Rc7 27. f5 Re8 28. Qb2 Nc8 29. Qc1 exf5 30. gxf5 Rce7 31.
f6 Rxe5 32. Rxe5 Rxe5 33. Qf4 Qd6 34. fxg7 Re1 35. Qd2 Rxd1+ 36. Qxd1 Ne7 37. Qd2 Bc8 38. h4 Nf5 39. Nb5 Qg3 40. Bxd5 Qg1+ 41. Kb2 Qxg7+ 42. Ka2 Be6 43. Be4 Ng3 44. Bf3 Nf5 45. Nc7 Nxh4 46. Qd8+ Qf8 47. Qxh4 Qd6 48. Qg5+ Kf8 49. Nb5 Qe7 50.
Qh6+ Kg8 51. Bh5 Bf5 52. Qd2 Bg6 53. Bf3 f5 54. Bd5+ Kg7 55. Qd4+ Qf6 56. Qa7+ Kh6 57. Qxa5 f4 58. Qxb4 f3 59. Qd2+ Qg5 60. Qxg5+ Kxg5 61.
Bxf3 Bxc2 62. a5 Bd3 63. a6 Bxb5 64. a7 Bc6 65. Bxc6 1-0

[Event "Early-Titled-Tuesday-Blitz-October-03-2023"]
[Site "Chess.com"]
[Date "2023.10.03"]
[Round "1"]
[White "microbear"]
[Black "SharapovEvgeny"]
[Result "0-1"]
[WhiteElo "2202"]
[BlackElo "2565"]
[TimeControl "180+1"]
[EndTime "8:06:47 PDT"]
[Termination "SharapovEvgeny won by resignation"]

1. e4 c5 2. Nf3 d6 3. d4 cxd4 4. Nxd4 Nf6 5. Nc3 Nc6 6. h3 e5 7.
Nde2 Be7 8. g4 Be6 9. Bg2 O-O 10. O-O h6 11. Be3 a6 12. Nd5 Bxd5 13. exd5 Nb8 14. c4 Nbd7 15. b3 a5 16. Ng3 Re8 17. Qd2 Bf8 18.
Rae1 Qc7 19. Rc1 Nc5 20. Bxc5 Qxc5 21. Ne4 Nxe4 22. Bxe4 g6 23. Rc3 Bg7 24. Rfc1 Rf8 25. Rf3 Rac8 26. Qe3 Qxe3 27. fxe3 b5 28. Bd3 bxc4 29.
Rxc4 Rxc4 30. Bxc4 f5 31. gxf5 gxf5 32. e4 f4 33. Rf1 Bf6 34. Kf2 Bd8 35. Rg1+ Kf7 36. Kf3 Bb6 37. Rg2 Bc5 38. Bb5 Rb8 39. a4 Kf6 40.
Rg4 h5 41. Rg2 Rc8 42. Bc6 Rb8 43. Bb5 Bd4 44. Rc2 Rg8 45. Rg2 Rc8 46. Bc6 Rb8 47. Bb5 Bc5 48. Rc2 Kg5 49. Rc3 Kh4 50. Bd7 Rb4 51. Bf5 Rd4 52. Be6 Rd2 53. Rxc5 dxc5 54. Bc8 Rd3+ 0-1

[Event "Early-Titled-Tuesday-Blitz-October-03-2023"]
[Site "Chess.com"]
[Date "2023.10.03"]
[Round "1"]
[White "OchsenfroschGambit"]
[Black "grzechu96"]
[Result "0-1"]
[WhiteElo "2348"]
[BlackElo "2653"]
[TimeControl "180+1"]
[EndTime "8:06:50 PDT"]
[Termination "grzechu96 won by checkmate"]

1. d4 d5 2. c4 e6 3. Nc3 c6 4. e4 dxe4 5. Nxe4 Bb4+ 6. Bd2 Qxd4 7. Bxb4 Qxe4+ 8. Ne2 Na6 9. Bf8 Ne7 10. Bxg7 Nb4 11. Bxh8 Nd3+ 12. Kd2 Nxf2 13. Qe1 Nxh1 14. Nc3 Qf4+ 15.
Kc2 Nf2 16. Be5 Qf5+ 17. Kb3 Ng6 18. Bg3 Nd3 19. Bxd3 Qxd3 20. Rd1 Qf5 21. Qd2 Kf8 22. Qd8+ Kg7 23. a3 b5 24. Bf2 bxc4+ 25. Ka2 e5 26.
Bc5 Rb8 27. Qc7 Rb7 28. Qxc6 Qc2 29. Rd8 Qxb2# 0-1

[Event "Early-Titled-Tuesday-Blitz-October-03-2023"]
[Site "Chess.com"]
[Date "2023.10.03"]
[Round "1"]
[White "karinachess1"]
[Black "yoelpolanco"]
[Result "1-0"]
[WhiteElo "2626"]
[BlackElo "2315"]
[TimeControl "180+1"]
[EndTime "8:06:51 PDT"]
[Termination "karinachess1 won on time"]

1. d4 Nf6 2. c4 e6 3. Nc3 d5 4.
cxd5 exd5 5. Bg5 Be7 6. e3 c6 7. Bd3 Nbd7 8. h3 O-O 9. Qc2 Re8 10. Nge2 b6 11. O-O Bb7 12. Ng3 g6 13. f4 c5 14.
Qf2 a6 15. f5 Rf8 16. Bh6 Re8 17. fxg6 fxg6 18. Qc2 Bd6 19. Bxg6 Bxg3 20. Bxh7+ Kh8 21. Qg6 Rg8 22. Bxg8 Qxg8 23. Rxf6 Nxf6 24. Qxf6+ Kh7 25. Rf1 Qg6 26. Qe7+ Kg8 27. Rf6 Bh4 28. Rxg6+ 1-0

[Event "Early-Titled-Tuesday-Blitz-October-03-2023"]
[Site "Chess.com"]
[Date "2023.10.03"]
[Round "1"]
[White "mmDarko"]
[Black "Mesa_1"]
[Result "0-1"]
[WhiteElo "2309"]
[BlackElo "2625"]
[TimeControl "180+1"]
[EndTime "8:06:51 PDT"]
[Termination "Mesa_1 won on time"]

1. d4 d6 2. Nf3 Nf6 3. g3 Bf5 4. Bg2 c6 5. O-O d5 6. b3 e6 7. Bb2 Nbd7 8. Nbd2 h6 9. c4 Be7 10. e3 a5 11. a4 O-O 12. Qe2 Re8 13. Rfd1 Bf8 14.
Rac1 Qb6 15. Ne5 Bb4 16. Nxd7 Nxd7 17. e4 Bh7 18. c5 Qa6 19. Qxa6 bxa6 20. e5 Bxd2 21.
Rxd2 Rab8 22. Bf1 Ra8 23. Bc3 Reb8 24. Rb2 f6 25. exf6 gxf6 26. Bxa5 Kf7 27. Bc7 Rb7 28. Bf4 h5 29. b4 e5 30. Be3 exd4 31. Bxd4 Ne5 32.
b5 Nf3+ 33. Kg2 Nxd4 34. b6 Be4+ 35. Kh3 Bf5+ 36. Kg2 Be4+ 37. Kh3 Nf3 38. a5 Ng5+ 39. Kh4 Nf3+ 40. Kh3 d4 41. Bc4+ Kg7 42. Rd1 Ng5+ 43. Kh4 Rd7 44. f4 Nf3+ 45. Kh3 d3 46. Rf2 d2 47. g4 hxg4+ 48. Kxg4 f5+ 49. Kg3 Kf6 50. Rxf3 Rh8 51. Re3 Rg7+ 52. Kf2 Rxh2+ 0-1

[Event "Early-Titled-Tuesday-Blitz-October-03-2023"]
[Site "Chess.com"]
[Date "2023.10.03"]
[Round "1"]
[White "Jojo_898"]
[Black "FMVolodymyrSakun"]
[Result "0-1"]
[WhiteElo "2370"]
[BlackElo "2675"]
[TimeControl "180+1"]
[EndTime "8:06:52 PDT"]
[Termination "FMVolodymyrSakun won by resignation"]

1. e4 e5 2. Nf3 Nc6 3. Bc4 Bc5 4.
O-O Nf6 5. d3 d6 6. h3 h6 7. c3 O-O 8. b4 Bb6 9. a4 a5 10. b5 Ne7 11. Be3 Bxe3 12. fxe3 Be6 13. Nbd2 Ng6 14. Qe2 d5 15. exd5 Nxd5 16. Rac1 Re8 17.
Ne4 Qe7 18. Qa2 Nxe3 19. Bxe6 Qxe6 20. Qxe6 fxe6 21. Rfe1 Nd5 22. Nc5 Ndf4 23. Rcd1 b6 24.
Nd7 Nd5 25. Rc1 Rad8 26. Ndxe5 Ngf4 27. d4 Ne7 28. Kh2 g5 29. g3 Nfg6 30. c4 Nxe5 31. dxe5 Rd3 32. Kg2 Rf8 33. Rf1 Nf5 34. Kf2 Nd4 0-1

[Event "Early-Titled-Tuesday-Blitz-October-03-2023"]
[Site "Chess.com"]
[Date "2023.10.03"]
[Round "1"]
[White "MathiasWomacka"]
[Black "CixPer1968"]
[Result "1-0"]
[WhiteElo "2566"]
[BlackElo "2202"]
[TimeControl "180+1"]
[EndTime "8:06:52 PDT"]
[Termination "MathiasWomacka won on time"]

1. e4 c5 2. Nf3 d6 3. d4 cxd4 4. Nxd4 Nf6 5. Nc3 g6 6. Be3 Bg7 7. f3 O-O 8. Qd2 Nc6 9. O-O-O d5 10. exd5 Nxd5 11. Nxc6 bxc6 12. Bd4 Bxd4 13. Qxd4 Qb6 14. Na4 Qa5 15. b3 Be6 16. Bc4 Rfd8 17. Qc5 Qc7 18. g3 Rab8 19. Rhe1 Qd6 20. Kb2 a5 21. f4 Bg4 22.
Rd2 Qf6+ 23. Qd4 Ne3 24. Qxf6 Nxc4+ 25. Kc3 exf6 26. Rxd8+ Rxd8 27. Kxc4 Rd2 28. c3 1-0

[Event "Early-Titled-Tuesday-Blitz-October-03-2023"]
[Site "Chess.com"]
[Date "2023.10.03"]
[Round "1"]
[White "Mr_ruthless"]
[Black "Sethu0025"]
[Result "0-1"]
[WhiteElo "2477"]
[BlackElo "2855"]
[TimeControl "180+1"]
[EndTime "8:06:53 PDT"]
[Termination "Sethu0025 won by resignation"]

1. e4 c5 2. Nf3 d6 3. d4 cxd4 4.
Nxd4 Nf6 5. f3 Nc6 6. c4 Qb6 7. Nc2 g6 8. Nc3 Bg7 9. Qd2 O-O 10. b3 a5 11. Na4 Qc7 12. Bb2 Bd7 13. Be2 Nb4 14.
Nc3 Qb6 15. Nxb4 axb4 16. Nd5 Nxd5 17. exd5 Bxb2 18. Qxb2 Ra3 19. h4 Rfa8 20. h5 Qe3 21.
hxg6 fxg6 22. Kf1 Bf5 23. g4 Bd3 24. Rh2 Qxf3+ 25. Rf2 Bxe2+ 26. Ke1 Qh1+ 27. Kxe2 Qxa1 28. Qxa1 Rxa2+ 29. Qxa2 Rxa2+ 30. Ke3 Rxf2 31. Kxf2 Kg7 32. Kf3 Kf6 33. Kf4 h6 34. Kf3 Kg5 35. Kg3 b6 36. Kf3 Kh4 37. Kf4 Kh3 38. Kf3 g5 0-1

[Event "Early-Titled-Tuesday-Blitz-October-03-2023"]
[Site "Chess.com"]
[Date "2023.10.03"]
[Round "1"]
[White "LikeWater"]
[Black "Ariadna_Atreides"]
[Result "1-0"]
[WhiteElo "2571"]
[BlackElo "2207"]
[TimeControl "180+1"]
[EndTime "8:06:55 PDT"]
[Termination "LikeWater won on time"]

1. d4 Nf6 2. Nf3 e6 3. Bg5 d5 4. e3 Nbd7 5. Nbd2 h6 6. Bh4 Bd6 7. Bd3 O-O 8. c3 c6 9. Qe2 e5 10. dxe5 Nxe5 11. Nxe5 Bxe5 12. O-O Re8 13. Rae1 Bc7 14. f4 Bb6 15. Qf3 Qd6 16. Kh1 Bd7 17.
f5 Rac8 18. Bg3 Qe7 19. Bf4 Ne4 20. Qd1 Bxf5 21. Bxh6 Nxc3 22. bxc3 Bxd3 23. Qg4 Bg6 24. Bg5 Qe6 25. Qh4 Rcd8 26. Nf3 Bc7 27. Bxd8 Bxd8 28.
Qg3 Be4 29. Ng5 Bxg5 30. Qxg5 g6 31. Rf4 Kg7 32. Rh4 Rh8 33. Rxh8 Kxh8 34. Rf1 Kg8 35. Qf4 Bf5 36. Kg1 Kg7 37. Qd4+ Kh7 38. Qxa7 Be4 39.
Qd4 Qg4 40. Rxf7+ 1-0

[Event "Early-Titled-Tuesday-Blitz-October-03-2023"]
[Site "Chess.com"]
[Date "2023.10.03"]
[Round "1"]
[White "Bilan_Danila"]
[Black "Fandorine"]
[Result "0-1"]
[WhiteElo "2502"]
[BlackElo "2924"]
[TimeControl "180+1"]
[EndTime "8:06:56 PDT"]
[Termination "Fandorine won by resignation"]

1. d4 Nf6 2. Nf3 g6 3. Bg5 Bg7 4. c3 O-O 5. Nbd2 d6 6. e4 Nc6 7.
Bc4 Qe8 8. O-O e5 9. Re1 Nd7 10. a4 a6 11. dxe5 Ndxe5 12. Nxe5 Qxe5 13. Nf3 Qc5 14. Qd5 Qa7 15. Be3 Qb8 16. Ng5 Ne5 17. Ba2 h6 18.
Nf3 Nxf3+ 19. gxf3 Be6 20. Qd2 Bxa2 21. Rxa2 Kh7 22.
f4 Qc8 23. f3 Qh3 24. Qg2 Qe6 25.
Raa1 c5 26. Rad1 Rad8 27. Rd5 f5 28. Red1 b5 29. axb5 axb5 30. Bxc5 fxe4 31. Bxd6 e3 32. Qe2 Rf5 33. Rxf5 gxf5 34. Bc5 Qc4 35. Qxc4 Rxd1+ 36. Qf1 e2 0-1

[Event "Early-Titled-Tuesday-Blitz-October-03-2023"]
[Site "Chess.com"]
[Date "2023.10.03"]
[Round "1"]
[White "zajka-molotok"]
[Black "lluiss"]
[Result "1-0"]
[WhiteElo "2582"]
[BlackElo "2222"]
[TimeControl "180+1"]
[EndTime "8:06:57 PDT"]
[Termination "zajka-molotok won on time"]

1. e4 e6 2. d4 d5 3. exd5 exd5 4. Nf3 Bd6 5. Bd3 Ne7 6. O-O O-O 7. c3 c6 8. Qc2 h6 9. Re1 Nd7 10. Nbd2 Qc7 11.
Nf1 Nf6 12. Ng3 Be6 13. Ne5 Nd7 14. f4 Nf6 15. f5 Bd7 16. Bf4 Rae8 17. Re2 c5 18.
Qd2 Qb6 19. dxc5 Bxc5+ 20. Kh1 Bb5 21. Rae1 Nc6 22. Nxc6 bxc6 23. Be5 Ng4 24. Bxb5 Qxb5 25. Bd4 Bxd4 26. cxd4 Rxe2 27. Rxe2 Rb8 28. h3 Nf6 29. b3 1-0

[Event "Early-Titled-Tuesday-Blitz-October-03-2023"]
[Site "Chess.com"]
[Date "2023.10.03"]
[Round "1"]
[White "MdChess1734"]
[Black "Evandro_Barbosa"]
[Result "1-0"]
[WhiteElo "2388"]
[BlackElo "2659"]
[TimeControl "180+1"]
[EndTime "8:06:58 PDT"]
[Termination "MdChess1734 won by resignation"]

1. e4 c5 2. Nf3 e6 3. d4 cxd4 4. Nxd4 Nc6 5. Nc3 Qc7 6. Be2 a6 7. O-O Nf6 8. Be3 Bb4 9. Na4 Be7 10. Nxc6 bxc6 11. Qd3 O-O 12. c4 c5 13. f4 d6 14.
Bf3 Bb7 15. Rad1 Rfd8 16. b3 Rab8 17. Nc3 Bc6 18. g4 Qb7 19. g5 Nd7 20. Nd5 exd5 21. exd5 Bb5 22. cxb5 Qxb5 23. Qc2 Bf8 24. Bf2 Re8 25.
Rfe1 Nb6 26. h4 a5 27. h5 a4 28. g6 fxg6 29. hxg6 h6 30. Qf5 Qd7 31. Qh5 axb3 32.
axb3 Rxe1+ 33. Rxe1 Re8 34. Bg4 Rxe1+ 35. Bxe1 Qe7 36.
Be6+ Kh8 37. Bh4 Qe8 38. Qf5 c4 39. Bf7 Qa8 40. bxc4 Nxc4 41. Be6 Qa1+ 42. Kh2 Qa2+ 43. Kh3 Qa3+ 44. Bg3 Qa8 45. Qf7 Be7 46. Qxe7 Ne3 47. f5 1-0

[Event "Early-Titled-Tuesday-Blitz-October-03-2023"]
[Site "Chess.com"]
[Date "2023.10.03"]
[Round "1"]
[White "TregubovP"]
[Black "ajedrez-facil"]
[Result "1-0"]
[WhiteElo "2613"]
[BlackElo "2280"]
[TimeControl "180+1"]
[EndTime "8:06:58 PDT"]
[Termination "TregubovP won on time"]

1. e4 c5 2. Nf3 d6 3. Bb5+ Nd7 4. Ba4 Nf6 5. O-O g6 6. Re1 Bg7 7. c3 O-O 8. d4 cxd4 9. cxd4 a6 10. Nc3 b5 11.
Bb3 Nb6 12. Bf4 Bb7 13. Qd3 Rc8 14. Nd2 Nc4 15. Nxc4 bxc4 16. Bxc4 Qb6 17. Bb3 Nh5 18. Be3 Qb4 19. Rab1 Rc7 20. Bd5 Rfc8 21. Bxb7 Rxb7 22.
Nd5 Qa5 23. Rec1 Rxc1+ 24. Rxc1 h6 25. a3 e6 26. b4 Qa4 27. Nc7 a5 28. Qa6 Rxc7 29.
Rxc7 Qd1+ 30. Qf1 Qb3 31. bxa5 Qxa3 32. a6 Nf6 33. a7 Kh7 34. Rxf7 Nxe4 35. h3 d5 36. Qc1 1-0

[Event "Early-Titled-Tuesday-Blitz-October-03-2023"]
[Site "Chess.com"]
[Date "2023.10.03"]
[Round "1"]
[White "louis198"]
[Black "AsaHoffmann"]
[Result "1/2-1/2"]
[WhiteElo "2643"]
[BlackElo "2360"]
[TimeControl "180+1"]
[EndTime "8:06:59 PDT"]
[Termination "Game drawn by agreement"]

1. d4 Nf6 2. Bf4 c5 3. c3 cxd4 4. cxd4 Nc6 5. Nc3 Qb6 6. e3 Qxb2 7. Nb5 Qb4+ 8. Qd2 Qxd2+ 9. Kxd2 Nd5 10. Bg3 a6 11. Bc4 axb5 12. Bxd5 e6 13. Bb3 Na5 14. Nf3 b6 15. Bc7 Ra6 16. Rhc1 Bb7 17. Ne5 d6 18. Nd3 Kd7 19. Nb4 Nxb3+ 20. axb3 Rxa1 21. Rxa1 Kxc7 22. f3 Be7 23. e4 Ra8 24. Rc1+ Kd7 25. Kd3 d5 26.
Nc2 dxe4+ 27. fxe4 Rc8 28. Rg1 f5 29. exf5 exf5 30.
Ne3 Be4+ 31. Ke2 Bf6 32. Ra1 Bxd4 33. Rd1 Rc3 34. Rxd4+ Ke6 35. Rb4 Rc5 36. g4 g6 37.
h3 Ke5 38. Nd1 Rc2+ 39. Ke1 Bd3 40. Nf2 Re2+ 41. Kf1 Re3+ 42. Nxd3+ Rxd3 43. Rxb5+ Kf4 44. gxf5 gxf5 45. Rxb6 Rxh3 46. Kg2 Rg3+ 47. Kf2 Rc3 48. Rb4+ Kg5 49. Rb8 h5 50. b4 h4 51. b5 Kf4 52. b6 Rc2+ 53. Kg1 Rb2 54. Rh8 Rxb6 55. Kh2 Rb2+ 56. Kh3 Rb1 57. Rxh4+ Kf3 58. Kh2 f4 59. Rh8 Kf2 60. Ra8 Re1 61. Ra2+ Re2 62. Ra1 f3 63. Rb1 Rc2 64. Ra1 Ke3+ 65. Kg3 Rg2+ 66. Kh3 Rg7 67. Ra3+ Kf2 68. Ra2+ Kg1 69. Ra1+ Kf2 70. Ra2+ Ke3 71. Ra3+ Kf4 72. Ra4+ Ke3 1/2-1/2

[Event "Early-Titled-Tuesday-Blitz-October-03-2023"]
[Site "Chess.com"]
[Date "2023.10.03"]
[Round "1"]
[White "viktorskliarov"]
[Black "ajedrezhoy"]
[Result "1-0"]
[WhiteElo "2658"]
[BlackElo "2359"]
[TimeControl "180+1"]
[EndTime "8:07:00 PDT"]
[Termination "viktorskliarov won by resignation"]

1. e4 Nf6 2. Nc3 d5 3. exd5 Nxd5 4.
Bc4 Nb6 5. Bb3 c5 6. Qh5 c4 7. Bxc4 Nxc4 8. Qb5+ Nc6 9. Qxc4 e5 10.
Nf3 Be6 11. Qe2 f6 12. h3 Be7 13. O-O O-O 14. d3 Qd7 15. Re1 Rac8 16. a3 Rfe8 17.
Be3 Bf7 18. Qd2 Red8 19. Ne2 Qc7 20. Ng3 Bf8 21. Rac1 b6 22. Red1 Bd5 23. Qe2 Re8 24.
c4 Bf7 25. b4 Rcd8 26. Qb2 Bg6 27. d4 exd4 28. Nxd4 Ne5 29. c5 bxc5 30. bxc5 Nd3 31.
Rxd3 Bxd3 32. Qb3+ Kh8 33. Qxd3 Qa5 34. Nc6 Rxd3 35.
Nxa5 Rxa3 36. Nb7 Rc8 37. Nf5 a5 38. c6 Rc7 39. Bb6 Rc8 40. Nbd6 Bxd6 41. Nxd6 1-0

[Event "Early-Titled-Tuesday-Blitz-October-03-2023"]
[Site "Chess.com"]
[Date "2023.10.03"]
[Round "1"]
[White "AlexPapasimakopoulos"]
[Black "i_like_explosions"]
[Result "1-0"]
[WhiteElo "2702"]
[BlackElo "2395"]
[TimeControl "180+1"]
[EndTime "8:07:01 PDT"]
[Termination "AlexPapasimakopoulos won on time"]

1. Nf3 Nf6 2. b3 g6 3. Bb2 Bg7 4. g3 d6 5. Bg2 O-O 6. d4 Nbd7 7.
O-O c5 8. c4 a6 9. Nc3 Rb8 10.
e4 cxd4 11. Nxd4 Nc5 12. Re1 Bd7 13. a4 Qc7 14. h3 e5 15. Nde2 Ne6 16. a5 Rbd8 17. Qd2 h5 18. Rec1 Kh7 19. Nd5 Qb8 20.
Nxf6+ Bxf6 21. Rd1 Bc6 22. b4 Bg5 23. Qd3 Be7 24.
h4 Ng7 25. Nc3 f5 26. b5 axb5 27. cxb5 Be8 28. Nd5 Bf6 29. Bc1 Ne6 30. exf5 Nd4 31.
Nxf6+ Rxf6 32. Bg5 Rxf5 33. Bxd8 Qxd8 34. Rdb1 Rf6 35.
a6 bxa6 36. bxa6 Qc7 37. a7 1-0

[Event "Early-Titled-Tuesday-Blitz-October-03-2023"]
[Site "Chess.com"]
[Date "2023.10.03"]
[Round "1"]
[White "cycygogne"]
[Black "masnyszachistaaa"]
[Result "0-1"]
[WhiteElo "2227"]
[BlackElo "2582"]
[TimeControl "180+1"]
[EndTime "8:07:01 PDT"]
[Termination "masnyszachistaaa won by resignation"]

1. e4 c5 2. Nf3 e6 3. d4 cxd4 4. Nxd4 Nc6 5. Nc3 Qc7 6. Be3 a6 7. Bd3 Nf6 8. O-O Ne5 9. Kh1 Neg4 10. Nf3 Nxe3 11. fxe3 Bd6 12. Qe2 Be5 13. Nxe5 Qxe5 14. Rf3 O-O 15. Raf1 b5 16. Rg3 Kh8 17. Qf3 Bb7 18.
a3 Rac8 19. Qf4 Rc5 20. Rh3 Rfc8 21. Qh4 Qg5 22. Qf2 Rf8 23. Rg3 Qh4 24. Qf3 Rh5 25. Rh3 Qg5 26. Rg3 Qh6 27. h3 Rg5 28. Qf4 Rxg3 29. Qxg3 Nh5 30. Qd6 Kg8 31. Kh2 Bc6 32. e5 Qxe3 33. Bxh7+ Kxh7 0-1

[Event "Early-Titled-Tuesday-Blitz-October-03-2023"]
[Site "Chess.com"]
[Date "2023.10.03"]
[Round "1"]
[White "GianmarcoVaR"]
[Black "Kyrie-Eleven"]
[Result "1-0"]
[WhiteElo "2641"]
[BlackElo "2334"]
[TimeControl "180+1"]
[EndTime "8:07:02 PDT"]
[Termination "GianmarcoVaR won by resignation"]

1. e4 e6 2. d4 d5 3. Nd2 c5 4.
Ngf3 cxd4 5. Nxd4 Nc6 6. Bb5 Qb6 7. c3 Bd7 8. exd5 exd5 9. O-O Be7 10. Re1 a6 11. Ba4 Qc7 12. N2f3 b5 13. Bb3 Nf6 14.
Bg5 O-O 15. Qd3 Rae8 16. Re2 Na5 17. Rae1 Nxb3 18. axb3 Bd8 19. Bxf6 Bxf6 20. Nc2 Be6 21. Nfd4 Bd7 22. b4 Re5 23. Nb3 Rfe8 24. Ncd4 Bg4 25. f3 Bc8 26. Nc5 g6 27. g3 Bg7 28. Rxe5 Rxe5 29.
Rxe5 Qxe5 30. Qe2 Kf8 31. Qxe5 Bxe5 32. Kf2 Ke7 33. Ke3 h5 34. Nd3 Bd6 35. Nf4 Bb7 36.
h4 Bc7 37. Nb3 Bb6+ 38. Nc5 Kd6 39. Kd4 Bc8 40. Nxd5 Bd8 41. Ne4+ Ke6 42. b3 f6 43. Nf4+ Kf7 44. Nd6+ Kf8 45. Nxc8 g5 46. Nxh5 1-0

[Event "Early-Titled-Tuesday-Blitz-October-03-2023"]
[Site "Chess.com"]
[Date "2023.10.03"]
[Round "1"]
[White "Nekoo04"]
[Black "SashaKuzhilniy"]
[Result "0-1"]
[WhiteElo "2298"]
[BlackElo "2619"]
[TimeControl "180+1"]
[EndTime "8:07:02 PDT"]
[Termination "SashaKuzhilniy won by resignation"]

1. d4 g6 2. c4 Bg7 3. Nc3 d6 4. Nf3 Nf6 5. e4 O-O 6. Be2 e5 7. d5 a5 8. Be3 Ng4 9. Bg5 f6 10. Bh4 Na6 11. Nd2 Nh6 12. a3 Bd7 13. Rb1 Nc5 14. b3 g5 15. Bg3 f5 16. f3 g4 17. O-O f4 18. Bf2 g3 19. hxg3 fxg3 20.
Bxg3 Qg5 21. Bf2 Bh3 22. g3 Bxf1 23. Nxf1 Kh8 24. b4 axb4 25. axb4 Nd7 26. c5 Nf6 27. cxd6 cxd6 28. Nb5 Ne8 29. Ne3 Bf6 30.
Kg2 Bd8 31. Nc4 Qg6 32. Qd2 Nf7 33. Rh1 Ng5 34. Ne3 Nxe4 35. fxe4 Qxe4+ 36. Kg1 Rxf2 37. Nc3 Ra1+ 38. Bd1 Rxd2 39. Nxe4 Rdxd1+ 40. Nxd1 Rxd1+ 41. Kg2 Rxh1 42. Kxh1 0-1

[Event "Early-Titled-Tuesday-Blitz-October-03-2023"]
[Site "Chess.com"]
[Date "2023.10.03"]
[Round "1"]
[White "adapodadei"]
[Black "abc_xyz4744"]
[Result "1-0"]
[WhiteElo "2728"]
[BlackElo "2406"]
[TimeControl "180+1"]
[EndTime "8:07:03 PDT"]
[Termination "adapodadei won by resignation"]

1. Nf3 d5 2. c4 c6 3. d4 Nf6 4. e3 g6 5. Nc3 Bg7 6. Be2 dxc4 7. Bxc4 O-O 8. h3 Bf5 9. O-O Nbd7 10. Nh4 Be4 11.
Nxe4 Nxe4 12. Bd3 Nef6 13. Nf3 Qc7 14. Bd2 Rfd8 15. Qe2 e5 16. dxe5 Nxe5 17. Nxe5 Qxe5 18. Bc3 Qh5 19. Rfd1 Qxe2 20. Bxe2 Nd5 21. Bxg7 Kxg7 22.
a3 Re8 23. Bf3 Nb6 24. Rd3 Nc4 25. Rd7 Rab8 26. Be2 Ne5 27. Rd2 Red8 28. Rad1 Rxd2 29. Rxd2 c5 30. Rd5 Nc6 31. Rxc5 Rd8 32. Bf3 Rd2 33. b4 Ra2 34. Bxc6 bxc6 35. Ra5 Ra1+ 36. Kh2 Ra2 37. Kg3 h5 38. h4 Kf6 39. Rxa7 Kf5 40. Rxf7+ Ke6 41.
Rc7 1-0